 Dungeon Crawl Stone Soup version 0.16-a0-3636-gf0307c9 (webtiles) character file.

309 PolkaDot the Insei (level 6, -5/55 HPs)
             Began as a Draconian Monk on Jan 15, 2015.
             Slain by DEFE's ghost (12 damage)
             ... on level 5 of the Dungeon.
             The game lasted 00:07:23 (3258 turns).

PolkaDot the Insei (Draconian Monk)                 Turns: 3258, Time: 00:07:23

Health: -5/55      AC:  6    Str: 13    XL:     6   Next: 17%
Magic:  6/6        EV: 13    Int: 12    God:
Gold:   133        SH:  0    Dex: 14    Spells: 0 memorised, 5 levels left

rFire  x . .     SeeInvis .       - Unarmed
rCold  + . .     Clarity  .     (armour unavailable)
rNeg   . . .     SustAb   .     (no shield)
rPois  .         Gourm    .     (helmet restricted)
rElec  .         Spirit   .     (no cloak)
rCorr  .         Warding  .     (no gloves)
rMut   .         Stasis   .     (no boots)
MR     .....                    (no amulet)
Stlth  ++........               (no ring)
                                a - ring of ice

@: not resistant to hostile enchantments, unstealthy
A: unfitting armour, cold-blooded, AC +6
a: no special abilities


You were on level 5 of the Dungeon.
You were not hungry.

You visited 1 branch of the dungeon, and saw 4 of its levels.

You collected 133 gold pieces.

Inventory:

Jewellery
 a - a ring of ice (left hand)
 e - an uncursed ring of protection from fire
Scrolls
 g - a scroll of identify
 h - 2 scrolls of remove curse
 j - 2 scrolls of fog
Comestibles
 b - a bread ration
 c - a chunk of flesh
 d - a meat ration
 f - 2 fruits
 k - a beef jerky


   Skills:
 + Level 4.9 Fighting
 + Level 3.7 Dodging
 - Level 1.7 Stealth
 * Level 6.0 Unarmed Combat


You had 5 spell levels left.
You didn't know any spells.

Dungeon Overview and Level Annotations

Branches:
Dungeon (5/15)
 Temple: D:4-7

Altars:

Annotations:
D:5 DEFE's ghost, experienced CeFi


Innate Abilities, Weirdness & Mutations

Your plain brown scales are hard (AC +6).
Your body does not fit into most forms of armour.
Your cold-blooded metabolism reacts poorly to cold.


Message History

DEFE's ghost is lightly damaged.
DEFE's ghost closely misses you.
You hit DEFE's ghost but do no damage.
You tail-slap DEFE's ghost, but do no damage.
DEFE's ghost is lightly damaged.
DEFE's ghost hits you.
* * * LOW HITPOINT WARNING * * *
You hit DEFE's ghost but do no damage.
DEFE's ghost is lightly damaged.
DEFE's ghost hits you.
* * * LOW HITPOINT WARNING * * *
DEFE's ghost hits you.
* * * LOW HITPOINT WARNING * * *
There is a stone staircase leading down here.
DEFE's ghost hits you!
* * * LOW HITPOINT WARNING * * *
DEFE's ghost whispers, "Everlasting silence awaits you..."
DEFE's ghost closely misses you. DEFE's ghost hits you!
You die...

#####....#
##.....######
##....##.......##
#........##<##.#
####.....#####.##.#
#....$..).†..#.##.#
....#.....##.#.##.#
....##.#..##....#.#
.. #.#o.##W##...# .
#.#..##@###..#
#............#
............##
.............#
.............#
.#.###...##.# #.
##..# ..# ...# #<#
.>..# ..


You could see DEFE's ghost.

Vanquished Creatures
  An ice beast (D:5)
  A hound (D:5)
  A worker ant (D:5)
  Ijyb (D:2)
  Robin (D:2)
  A gnoll (D:1)
  3 adders
  A shadow imp (D:5)
  A worm (D:2)
  An adder zombie (D:5)
  4 giant geckos
  2 oozes
  2 orcs
  A bat zombie (D:5)
  3 giant cockroaches
  9 hobgoblins
  4 jackals (D:1)
  2 quokkas
  7 bats
  15 goblins
  A jackal skeleton (D:5)
  5 kobolds
  3 rats (D:2)
70 creatures vanquished.

Notes
Turn   | Place    | Note
--------------------------------------------------------------
     0 | D:1      | PolkaDot, the Draconian Monk, began the quest for the Orb.
     0 | D:1      | Reached XP level 1. HP: 19/19 MP: 1/1
   367 | D:1      | Reached XP level 2. HP: 23/26 MP: 2/2
  1150 | D:2      | Noticed Ijyb
  1170 | D:2      | Reached XP level 3. HP: 19/33 MP: 3/3
  1397 | D:2      | Killed Ijyb
  1788 | D:2      | Reached XP level 4. HP: 40/40 MP: 4/4
  1857 | D:2      | Noticed Robin
  1882 | D:2      | Reached skill level 5 in Unarmed Combat
  2491 | D:2      | Killed Robin
  2918 | D:3      | You fall through a shaft for 2 floors!
  2918 | D:5      | Entered Level 5 of the Dungeon
  2930 | D:5      | Reached XP level 5. HP: 35/47 MP: 5/5
  3145 | D:5      | Noticed an ice beast
  3185 | D:5      | Killed an ice beast
  3185 | D:5      | Reached skill level 6 in Unarmed Combat
  3185 | D:5      | Reached XP level 6. HP: 22/55 MP: 6/6
  3221 | D:5      | Noticed DEFE's ghost (experienced CeFi)
  3258 | D:5      | Slain by DEFE's ghost

Action                   |  1- 3 |  4- 6 || total
-------------------------+-------+-------++-------
Melee: Unarmed           |   138 |   191 ||   329
  Use: Scroll            |     1 |     5 ||     6
       Potion            |       |     1 ||     1
 Stab: Sleeping          |     2 |       ||     2
  Eat: Chunk             |     3 |     5 ||     8
